 Dungeon Crawl Stone Soup version 0.23-a0-767-gdc19b93d68 (webtiles) character file.

5330 ZyGmUnTMoLoTcH the Cleaver (level 10, -3/81 HPs)
             Began as a Demonspawn Fighter on Jan 21, 2019.
             Was a Believer of Okawaru.
             Slain by an eight-headed hydra (12 damage)
             ... on level 9 of the Dungeon on Jan 28, 2019.
             The game lasted 00:12:17 (6394 turns).

ZyGmUnTMoLoTcH the Cleaver (Demonspawn Fighter)     Turns: 6394, Time: 00:12:17

Health: -3/81      AC: 12    Str: 17    XL:     10   Next: 38%
Magic:  8/10       EV:  8    Int:  9    God:    Okawaru [**....]
Gold:   318        SH: 11    Dex: 16    Spells: 9/9 levels left

rFire    . . .     SeeInvis .   q - +0 broad axe
rCold    . . .     Gourm    .   c - +0 shield
rNeg     . . .     Faith    .   r - +0 chain mail
rPois    .         Spirit   .   (helmet restricted)
rElec    .         Reflect  .   (no cloak)
rCorr    .         Harm     .   (no gloves)
MR       .....                  B - +0 pair of boots
Stlth    ..........             v - amulet of regeneration
HPRegen  0.63/turn              (no ring)
MPRegen  0.12/turn              (no ring)

@: heroism, drained
A: horns 1, rugged brown scales 1, demonic guardian 2, powered by death 1
a: Heroism, Renounce Religion


You were on level 9 of the Dungeon.
You worshipped Okawaru.
Okawaru was pleased with you.
You were hungry.

You visited 2 branches of the dungeon, and saw 10 of its levels.

You collected 318 gold pieces.

Inventory:

Hand Weapons
 q - a +0 broad axe (weapon)
Armour
 c - a +0 shield (worn)
 r - a +0 chain mail (worn)
 A - the -4 cloak "Myczuvim" {-Cast rElec Str+9 Dex-4}
   (You found it on level 6 of the Dungeon)

   It affects your strength (+9).
   It affects your dexterity (-4).
   It insulates you from electricity.
   It prevents spellcasting.
 B - a +0 pair of boots (worn)
Jewellery
 v - an amulet of regeneration (around neck)
Wands
 a - a wand of disintegration (7)
 y - a wand of clouds (2)
Scrolls
 b - a scroll of fear {unknown}
 g - a scroll of acquirement {unknown}
 h - 8 scrolls of teleportation
 j - 2 scrolls of remove curse
 k - a scroll of silence {unknown}
 m - 2 scrolls of magic mapping
 o - a scroll of fog {unknown}
 s - a scroll of identify
 t - 2 scrolls of enchant armour {unknown}
 u - 3 scrolls of blinking {unknown}
 w - a scroll of immolation {unknown}
 z - a scroll of summoning {unknown}
Potions
 d - 2 potions of might
 e - 2 potions of ambrosia
 i - 4 potions of brilliance
 l - 4 potions of curing
 n - 2 potions of heal wounds
 p - a potion of mutation
 x - a potion of agility
Comestibles
 f - 12 rations
 C - 3 chunks of flesh


   Skills:
 + Level 7.0(11.6) Fighting
 * Level 12.7(17.2) Axes
 - Level 2.6(7.3) Armour
 - Level 2.6(7.3) Shields


You had 9 spell levels left.
You didn't know any spells.
Your spell library was empty.

Dungeon Overview and Level Annotations

Branches:
Dungeon (9/15)             Temple (1/1) D:7
   Lair: D:8-11         Orc: D:9-12

Altars:
Ashenzari
Cheibriados
Dithmenos
Elyvilon
Gozag
Hepliaklqana
Kikubaaqudgha
Makhleb
Nemelex Xobeh
Okawaru
Qazlal
Ru
Sif Muna
Trog
Uskayaw
Wu Jian
Xom
Yredelemnul
Zin
The Shining One

Shops:
D:5 [

Annotations:
D:7 1 runed door, PeterQ's ghost, novice GnAs
D:8 2 transporters, domsik's ghost, novice MiFi


Innate Abilities, Weirdness & Mutations

You have a pair of small horns on your head.
You are partially covered in rugged brown scales. (AC +1, +3% HP)
A demonic guardian rushes to your aid.
You regenerate a little health from kills.


Message History

The seven-headed hydra bites you but does no damage.
You block the seven-headed hydra's attack.
The seven-headed hydra bites you.
The seven-headed hydra barely misses you.
The seven-headed hydra bites you!
* * * LOW HITPOINT WARNING * * *
Unknown command.
You lop one of the seven-headed hydra's heads off!
The six-headed hydra grows two more!
You slash the eight-headed hydra! You headbutt the eight-headed hydra!
The eight-headed hydra is severely wounded.
You slash the wight!
Your ice devil misses the wight.
The eight-headed hydra barely misses you.
You block the eight-headed hydra's attack.
The eight-headed hydra bites you!
* * * LOW HITPOINT WARNING * * *
The eight-headed hydra bites you.
* * * LOW HITPOINT WARNING * * *
The eight-headed hydra bites you!
You die...

#..........#####.......#
#......................#
######.....#####.......#
#....<# #4......#
#.....# #.......#####
#.....# #D...........
#.....# #........†...
#.....#####............
#.....@Dzz....)()......
#......z4....[)).......
#............).....<...
#......................
#...........#####......
#...(.......# #......
#...........# .#####
#...........# .# ...


You could see an eight-headed hydra, 3 wights and a friendly ice devil.

Vanquished Creatures
  Pikel (D:8)
  Psyche (D:9)
  Prince Ribbit (D:8)
  2 slime creatures (D:5)
  A hippogriff (Temple)
  A wyvern (D:8)
  Duvessa (D:7)
  2 orc warriors
  2 sky beasts (D:7)
  2 slaves (D:8)
  4 ogres
  A phantom (D:7)
  2 centaurs (D:5)
  4 big kobolds
  2 bullfrogs
  Dowan (D:7)
  A water moccasin skeleton (D:8)
  2 scorpions
  A wight (D:9)
  4 jellies (D:5)
  7 howler monkeys
  A bullfrog zombie (D:8)
  2 crimson imps (D:6)
  3 orc priests
  3 hounds
  2 orc wizards
  A centaur skeleton (D:9)
  2 bullfrog skeletons
  4 iguanas
  4 worker ants
  A killer bee zombie (D:6)
  A hound zombie (D:6)
  A hound skeleton (D:9)
  Robin (D:2)
  A worker ant zombie (D:5)
  3 gnolls (D:6)
  2 howler monkey skeletons
  8 adders
  2 river rats (D:4)
  4 shadow imps
  2 oozes (D:5)
  An adder zombie (D:5)
  4 worms (D:3)
  5 dart slugs
  6 leopard geckos
  19 orcs
  4 ball pythons
  11 bats
  7 giant cockroaches
  11 goblins
  12 hobgoblins
  4 jackals
  3 quokkas
  4 frilled lizards
  14 kobolds
  13 rats
  A fungus (D:5)
210 creatures vanquished.

Vanquished Creatures (collateral kills)
  A centaur skeleton (D:6)
  A troll (D:9)
  A hippogriff (D:7)
  A water moccasin (D:9)
  An ice beast (D:6)
  A centaur (D:9)
  A bullfrog (D:7)
  A scorpion (D:8)
  A howler monkey (D:7)
  A crimson imp (D:5)
  An orc priest (D:7)
  A hound (D:5)
  3 orc wizards
  A hound zombie (D:7)
  An adder (D:5)
  2 orcs
19 creatures vanquished.

Vanquished Creatures (others)
  A slave (D:8)
  A worker ant (D:8)
  2 fungi (D:5)
  8 toadstools (D:5)
12 creatures vanquished.

Grand Total: 241 creatures vanquished

Notes
Turn   | Place    | Note
-------+----------+-------------------------------------------
     0 | D:1      | ZyGmUnTMoLoTcH the Demonspawn Fighter began the quest for
                  | the Orb.
     0 | D:1      | Reached XP level 1. HP: 18/18 MP: 1/1
    30 | D:1      | Reached skill level 2 in Axes
    40 | D:1      | Gained mutation: You regenerate a little health from kills.
                  | [demonic ancestry]
    40 | D:1      | Reached XP level 2. HP: 23/24 MP: 2/2
   271 | D:1      | Gained mutation: You have a pair of small horns on your
                  | head. [demonic ancestry]
   271 | D:1      | Reached XP level 3. HP: 26/29 MP: 3/3
   504 | D:2      | Noticed Robin
   510 | D:2      | Killed Robin
   510 | D:2      | Reached skill level 3 in Axes
   619 | D:2      | Gained mutation: You are partially covered in rugged brown
                  | scales. (AC +1, +3% HP) [demonic ancestry]
   619 | D:2      | Reached XP level 4. HP: 30/38 MP: 4/4
   880 | D:2      | Found a burning altar of Makhleb.
   901 | D:2      | Reached skill level 4 in Axes
   901 | D:2      | Gained mutation: A weak demonic guardian rushes to your
                  | aid. [demonic ancestry]
   901 | D:2      | Reached XP level 5. HP: 33/43 MP: 5/5
  1345 | D:3      | Found a snail-covered altar of Cheibriados.
  1894 | D:4      | Reached skill level 5 in Axes
  1908 | D:4      | Reached XP level 6. HP: 49/49 MP: 6/6
  2647 | D:5      | Entered Level 5 of the Dungeon
  2674 | D:5      | Reached skill level 6 in Axes
  2696 | D:5      | Found Ivaypp's Armour Shop.
  2815 | D:5      | Reached XP level 7. HP: 30/56 MP: 7/7
  2896 | D:5      | Found a shadowy altar of Dithmenos.
  2952 | D:5      | Reached skill level 7 in Axes
  3293 | D:5      | Reached skill level 8 in Axes
  3293 | D:5      | Reached XP level 8. HP: 57/62 MP: 8/8
  3298 | D:5      | Noticed a slime creature
  3604 | D:5      | Killed a slime creature
  3816 | D:5      | Noticed a slime creature
  3842 | D:5      | Killed a slime creature
  3842 | D:5      | Reached skill level 5 in Fighting
  3870 | D:5      | Reached skill level 9 in Axes
  4263 | D:6      | Got a translucent cloak
  4269 | D:6      | Identified the cursed -4 cloak "Myczuvim" {-Cast rElec
                  | Str+9 Dex-4} (You found it on level 6 of the Dungeon)
  4312 | D:6      | Reached skill level 10 in Axes
  4312 | D:6      | Gained mutation: A demonic guardian rushes to your aid.
                  | [demonic ancestry]
  4312 | D:6      | Reached XP level 9. HP: 52/70 MP: 9/9
  4647 | D:7      | Found a staircase to the Ecumenical Temple.
  4692 | Temple   | Entered the Ecumenical Temple
  4877 | Temple   | Became a worshipper of Warmaster Okawaru
  4896 | D:7      | Was placed under penance by Okawaru
  5014 | D:7      | Noticed Duvessa
  5017 | D:7      | Noticed Dowan
  5031 | D:7      | Killed Duvessa
  5031 | D:7      | Reached skill level 11 in Axes
  5033 | D:7      | Killed Dowan
  5054 | D:7      | Found a runed door.
  5054 | D:7      | Noticed PeterQ's ghost (novice GnAs)
  5054 | D:7      | Noticed a centaur warrior
  5315 | D:7      | Was forgiven by Okawaru
  5407 | D:8      | HP: 1/72 [wyvern (4)]
  5471 | D:8      | Found a transporter.
  5472 | D:8      | Noticed a moth of wrath
  5578 | D:8      | Noticed domsik's ghost (novice MiFi)
  5587 | D:8      | Noticed Pikel
  5591 | D:8      | Found a transporter.
  5606 | D:8      | Killed Pikel
  5606 | D:8      | Reached * piety under Okawaru
  5606 | D:8      | Reached XP level 10. HP: 63/79 MP: 10/10
  5663 | D:8      | Reached skill level 12 in Axes
  5795 | D:8      | Noticed Prince Ribbit
  5821 | D:8      | Killed Prince Ribbit
  6340 | D:9      | Noticed Psyche
  6344 | D:9      | Reached ** piety under Okawaru
  6353 | D:9      | Killed Psyche
  6376 | D:9      | Noticed a five-headed hydra
  6394 | D:9      | Slain by an eight-headed hydra

Vault maps used:
D:1:      lightli_arrival_quake
D:2:      makhleb_blood_cavern_becter, uniq_robin
D:3:      minmay_misc_feat_room, cheibriados_altar_1
D:4:      gup_sewer_entry_spiral
D:5:      cheibrodos_fertilizer, kennysheep_mini, first_ration, serial_shops,
          shop_fountains
D:7:      temple_fountains, ebering_ghost_inner_flame, uniq_duvessa
D:8:      gammafunk_ghost_berserking_beasts, uniq_prince_ribbit1, uniq_pikel
D:9:      biasface_ghost_orc_armoury, grunt_ogre_cave, uniq_psyche
Temple:   regret_index_temple_sigil_plot

Skill      XL: |  1  2  3  4  5  6  7  8  9 10 |
---------------+-------------------------------+-----
Axes           | 2 3 4 5 6 8 10 11 12 | 12.7
Fighting       | 4 5 6 7 |  7.0
Armour         | |  2.6
Shields        | |  2.6

Action                   |  1- 3 |  4- 6 |  7- 9 | 10-12 || total
-------------------------+-------+-------+-------+-------++-------
Melee: War axe           |    91 |   232 |   307 |       ||   630
       Headbutt          |     4 |    32 |    55 |    20 ||   111
       Broad axe         |       |       |    23 |   102 ||   125
Invok: Heroism           |       |       |       |     1 ||     1
Evoke: Wand              |       |       |     1 |       ||     1
  Use: Scroll            |       |       |    10 |       ||    10
       Potion            |       |       |     6 |     1 ||     7
 Stab: Distracted        |       |     2 |     1 |       ||     3
  Eat: Chunk             |       |     5 |     8 |     2 ||    15
       Ration            |       |       |     1 |       ||     1
Armor: Scale mail        |    47 |       |       |       ||    47
       Chain mail        |     2 |   135 |   164 |    34 ||   335
Dodge: Dodged            |    42 |    64 |    52 |    16 ||   174
Block: Shield            |    56 |   119 |   132 |    57 ||   364

Table legend:
 A = Non-vault XP
 B = Vault XP
 C = Vault XP percentage of total XP
 D = Non-vault monster count
 E = Vault monster count
 F = Vault count percentage of total count
                 A         B        C        D         E       F
            +---------+---------+-------+---------+---------+-------
      Total |    5226 |    2389 |  31.4 |     185 |      41 |  18.1
            +---------+---------+-------+---------+---------+-------
        D:1 |      46 |       0 |   0.0 |      27 |       0 |   0.0
        D:2 |      75 |      75 |  50.0 |      22 |      12 |  35.3
        D:3 |      38 |       0 |   0.0 |      15 |       0 |   0.0
        D:4 |     288 |      49 |  14.5 |      18 |       8 |  30.8
        D:5 |     556 |     889 |  61.5 |      20 |      16 |  44.4
        D:6 |     980 |       0 |   0.0 |      19 |       0 |   0.0
        D:7 |    1416 |     195 |  12.1 |      27 |       2 |   6.9
        D:8 |     828 |     733 |  47.0 |      20 |       2 |   9.1
        D:9 |     767 |     448 |  36.9 |      16 |       1 |   5.9
     Temple |     232 |       0 |   0.0 |       1 |       0 |   0.0
            +---------+---------+-------+---------+---------+-------
